TOP OF THE 1ST |
Indiana Hounds batting - Pitching for Tuscaloosa Trout Slayers : RHP Juan De Jesús
|
Pitching: RHP Juan De Jesús
|
|
Batting: RHB Henry Haines
|
0-0: Called Strike 0-1: Foul Ball, location: 2F 0-2: Foul Ball, location: 2F 0-2: Ball 1-2: Ball 2-2: Ball 3-2: Base on Balls
|
Batting: LHB Pepe Vázquez
|
0-0: Ball 1-0: Grounds into double play, 4-6-3 (Groundball, 4)
|
Batting: RHB Marlon Hernández
|
0-0: Ball 1-0: Called Strike 1-1: Ball 2-1: Foul Ball, location: 2F 2-2: Ball 3-2: Foul Ball, location: 2F 3-2: Base on Balls
|
Batting: RHB Henry Dawson
|
0-0: Called Strike 0-1: Ball 1-1: Ball Marlon Hernández steals 2nd base 2-1: SINGLE (Groundball, 56D) Marlon Hernández to third Runner from 3rd tries for Home, SAFE, no throw
|
Batting: RHB Víctor Márquez
|
0-0: Ball 1-0: Ball 2-0: Foul Ball, location: 2F 2-1: SINGLE (Line Drive, 7S) Henry Dawson to second
|
Batting: RHB Remi Eruzione
|
0-0: Foul Ball, location: 2F 0-1: Foul Ball, location: 2F 0-2: Foul Ball, location: 2F 0-2: Strikes out swinging
|
Top of the 1st over - 1 run, 2 hits, 0 errors, 2 left on base; Indiana 1 - Tuscaloosa 0 |
BOTTOM OF THE 1ST |
Tuscaloosa Trout Slayers batting - Pitching for Indiana Hounds : RHP Rob Fields
|
Pitching: RHP Rob Fields
|
|
Batting: LHB Manuel Ortega
|
0-0: Called Strike 0-1: Swinging Strike 0-2: Foul Ball, location: 2F 0-2: Foul Ball, location: 2F 0-2: Strikes out swinging
|
Batting: LHB Ethan Shaw
|
0-0: Called Strike 0-1: Fly out, F8 (Flyball, 78M)
|
Batting: LHB Marcos Villarreal
|
0-0: Called Strike 0-1: Ball 1-1: Swinging Strike 1-2: Ball 2-2: Foul Ball, location: 2F 2-2: SINGLE (Groundball, 4MD)
|
Batting: SHB Glenn Vadnais
|
0-0: Ball 1-0: Ball 2-0: Called Strike 2-1: Foul Ball, location: 2F 2-2: Ground out 1-3 (Groundball, 15S)
|
Bottom of the 1st over - 0 runs, 1 hit, 0 errors, 1 left on base; Indiana 1 - Tuscaloosa 0 |
TOP OF THE 2ND |
Indiana Hounds batting - Pitching for Tuscaloosa Trout Slayers : RHP Juan De Jesús
|
Batting: LHB Manny Hernández
|
0-0: Ground out 4-3 (Groundball, 4)
|
Batting: RHB León Gómez
|
0-0: Ball 1-0: Ball 2-0: DOUBLE (Flyball, 8LD)
|
Batting: LHB Marv Gardner
|
0-0: Called Strike León Gómez steals 3rd base 0-1: Swinging Strike 0-2: Ball 1-2: Foul Ball, location: 2F 1-2: DOUBLE (Flyball, 78D) León Gómez scores
|
Batting: RHB Henry Haines
|
0-0: Ball 1-0: Ball 2-0: Called Strike 2-1: Ball 3-1: Fly out, F9 (Line Drive, 89M)
|
Batting: LHB Pepe Vázquez
|
0-0: Ball 1-0: Called Strike 1-1: SINGLE (Groundball, 15S) (infield hit) Marv Gardner to third
|
Batting: RHB Marlon Hernández
|
0-0: Called Strike 0-1: Ball 1-1: Fielders Choice at 2nd, 5-4 (Groundball, 5L)
|
Top of the 2nd over - 1 run, 3 hits, 0 errors, 2 left on base; Indiana 2 - Tuscaloosa 0 |
BOTTOM OF THE 2ND |
Tuscaloosa Trout Slayers batting - Pitching for Indiana Hounds : RHP Rob Fields
|
Batting: LHB Ed Hart
|
0-0: Ball 1-0: Called Strike 1-1: SOLO HOME RUN (Flyball, 9LD), Distance : 355 ft
|
Batting: RHB Augusto Baca
|
0-0: Ball 1-0: Ball 2-0: Called Strike 2-1: Ground out 5-3 (Groundball, 56S)
|
Batting: SHB António Ramírez
|
0-0: Ball 1-0: Ball 2-0: Ball 3-0: Called Strike 3-1: Foul Ball, location: 2F 3-2: Foul Ball, location: 2F 3-2: Strikes out swinging
|
Batting: RHB Juan Reyes
|
0-0: Ground out 3-1 (Groundball, 3S)
|
Bottom of the 2nd over - 1 run, 1 hit, 0 errors, 0 left on base; Indiana 2 - Tuscaloosa 1 |
TOP OF THE 3RD |
Indiana Hounds batting - Pitching for Tuscaloosa Trout Slayers : RHP Juan De Jesús
|
Batting: RHB Henry Dawson
|
0-0: Ball 1-0: Ball 2-0: Foul Ball, location: 2F 2-1: SINGLE (Groundball, 56D)
|
Batting: RHB Víctor Márquez
|
0-0: Ball 1-0: Swinging Strike 1-1: Ball 2-1: Called Strike 2-2: Ball 3-2: Foul Ball, location: 2F 3-2: Foul Ball, location: 2F 3-2: Strikes out swinging Henry Dawson steals 2nd base Batter strikes out.
|
Batting: RHB Remi Eruzione
|
0-0: Fly out, F8 (Flyball, 8RM)
|
Batting: LHB Manny Hernández
|
0-0: Called Strike 0-1: Ball 1-1: Ball 2-1: Foul Ball, location: 2F 2-2: Foul Ball, location: 2F 2-2: Foul Ball, location: 2F 2-2: Fly out, F6 (Line Drive, 6)
|
Top of the 3rd over - 0 runs, 1 hit, 0 errors, 1 left on base; Indiana 2 - Tuscaloosa 1 |
BOTTOM OF THE 3RD |
Tuscaloosa Trout Slayers batting - Pitching for Indiana Hounds : RHP Rob Fields
|
Batting: RHB Greg Lee
|
0-0: Ground out 3-1 (Groundball, 34)
|
Batting: LHB Manuel Ortega
|
0-0: Ball 1-0: Swinging Strike 1-1: Fly out, F8 (Flyball, 8RXD)
|
Batting: LHB Ethan Shaw
|
0-0: Ball 1-0: Ball 2-0: Fly out, F8 (Flyball, 89D)
|
Bottom of the 3rd over - 0 runs, 0 hits, 0 errors, 0 left on base; Indiana 2 - Tuscaloosa 1 |
TOP OF THE 4TH |
Indiana Hounds batting - Pitching for Tuscaloosa Trout Slayers : RHP Juan De Jesús
|
Batting: RHB León Gómez
|
0-0: Called Strike 0-1: Ball 1-1: Called Strike 1-2: Ball 2-2: Foul Ball, location: 2F 2-2: Foul Ball, location: 2F 2-2: Strikes out swinging
|
Batting: LHB Marv Gardner
|
0-0: Called Strike 0-1: Ball 1-1: Foul Ball, location: 2F 1-2: Ball 2-2: Fly out, F7 (Flyball, 7S)
|
Batting: RHB Henry Haines
|
0-0: Called Strike 0-1: Swinging Strike 0-2: Strikes out swinging
|
Top of the 4th over - 0 runs, 0 hits, 0 errors, 0 left on base; Indiana 2 - Tuscaloosa 1 |
BOTTOM OF THE 4TH |
Tuscaloosa Trout Slayers batting - Pitching for Indiana Hounds : RHP Rob Fields
|
Batting: LHB Marcos Villarreal
|
0-0: Ball 1-0: Foul Ball, location: 2F 1-1: Ball 2-1: Ball 3-1: DOUBLE (Line Drive, 8LXD)
|
Batting: SHB Glenn Vadnais
|
0-0: Foul Ball, location: 2F 0-1: Fly out, F8 (Flyball, 8LXD) Runner from 2nd tags up, SAFE at 3rd, no throw
|
Batting: LHB Ed Hart
|
0-0: Called Strike 0-1: Fly out, F8 (Flyball, 78D) Runner from 3rd tags up, SCORES, throw made
|
Batting: RHB Augusto Baca
|
0-0: Ball 1-0: Ball 2-0: Foul Ball, location: 2F 2-1: Foul Ball, location: 2F 2-2: Ball 3-2: Base on Balls
|
Batting: SHB António Ramírez
|
0-0: Ball 1-0: Called Strike 1-1: Fly out, F8 (Flyball, 89D)
|
Bottom of the 4th over - 1 run, 1 hit, 0 errors, 1 left on base; Indiana 2 - Tuscaloosa 2 |
TOP OF THE 5TH |
Indiana Hounds batting - Pitching for Tuscaloosa Trout Slayers : RHP Juan De Jesús
|
Batting: LHB Pepe Vázquez
|
0-0: Called Strike 0-1: Called Strike 0-2: Ball 1-2: SINGLE (Groundball, 4D)
|
Batting: RHB Marlon Hernández
|
0-0: Ball 1-0: 2-RUN HOME RUN (Line Drive, 7LD), Distance : 331 ft
|
Batting: RHB Henry Dawson
|
0-0: Called Strike 0-1: Ball 1-1: Ball 2-1: Reached on error, E6 (Groundball, 6)
|
Batting: RHB Víctor Márquez
|
0-0: Ball 1-0: Called Strike 1-1: Foul Ball, location: 2F 1-2: Foul Ball, location: 2F 1-2: SINGLE (Flyball, 9S) Henry Dawson to third Runner from 3rd tries for Home, SAFE, throw made home
|
Batting: RHB Remi Eruzione
|
0-0: Ball 1-0: Fly out, F8 (Flyball, 8LS)
|
Batting: LHB Manny Hernández
|
0-0: Called Strike 0-1: Ball 1-1: Foul Ball, location: 2F 1-2: Fly out, F7 (Line Drive, 7)
|
Batting: RHB León Gómez
|
0-0: Swinging Strike 0-1: Foul Ball, location: 2F 0-2: Strikes out swinging
|
Top of the 5th over - 3 runs, 3 hits, 1 error, 1 left on base; Indiana 5 - Tuscaloosa 2 |
BOTTOM OF THE 5TH |
Tuscaloosa Trout Slayers batting - Pitching for Indiana Hounds : RHP Rob Fields
|
Batting: RHB Juan Reyes
|
0-0: Called Strike 0-1: Ball 1-1: Called Strike 1-2: Ground out 5-3 (Groundball, 56)
|
Batting: RHB Greg Lee
|
0-0: Ball 1-0: Ball 2-0: Ball 3-0: Called Strike 3-1: Called Strike 3-2: Ground out 6-3 (Groundball, 6)
|
Batting: LHB Manuel Ortega
|
0-0: Foul Ball, location: 2F 0-1: Swinging Strike 0-2: Foul Ball, location: 2F 0-2: Foul Ball, location: 2F 0-2: TRIPLE (Flyball, 78D)
|
Batting: LHB Ethan Shaw
|
0-0: Ball 1-0: Foul Ball, location: 2F 1-1: SINGLE (Groundball, 56D) Manuel Ortega scores
|
Batting: LHB Marcos Villarreal
|
0-0: Called Strike 0-1: Ball 1-1: Called Strike 1-2: SINGLE (Line Drive, 89S) Ethan Shaw to second Runner from 2nd tries for 3rd, OUT!
|
Bottom of the 5th over - 1 run, 3 hits, 0 errors, 1 left on base; Indiana 5 - Tuscaloosa 3 |
TOP OF THE 6TH |
Indiana Hounds batting - Pitching for Tuscaloosa Trout Slayers : RHP Juan De Jesús
|
Batting: LHB Marv Gardner
|
0-0: Ball 1-0: Ball 2-0: Ball 3-0: Fly out, F7 (Flyball, 78S)
|
Batting: RHB Henry Haines
|
0-0: Ball 1-0: Foul Ball, location: 2F 1-1: Foul Ball, location: 2F 1-2: Ball 2-2: Ball 3-2: Strikes out swinging
|
Batting: LHB Pepe Vázquez
|
0-0: Called Strike 0-1: Ground out 3-1 (Groundball, 34S)
|
Top of the 6th over - 0 runs, 0 hits, 0 errors, 0 left on base; Indiana 5 - Tuscaloosa 3 |
BOTTOM OF THE 6TH |
Tuscaloosa Trout Slayers batting - Pitching for Indiana Hounds : RHP Rob Fields
|
Batting: SHB Glenn Vadnais
|
0-0: Fly out, F7 (Flyball, 78D)
|
Batting: LHB Ed Hart
|
0-0: Foul Ball, location: 2F 0-1: Swinging Strike 0-2: Strikes out swinging
|
Batting: RHB Augusto Baca
|
0-0: Ball 1-0: Swinging Strike 1-1: Ground out 6-3 (Groundball, 6)
|
Bottom of the 6th over - 0 runs, 0 hits, 0 errors, 0 left on base; Indiana 5 - Tuscaloosa 3 |
TOP OF THE 7TH |
Indiana Hounds batting - Pitching for Tuscaloosa Trout Slayers : RHP Juan De Jesús
|
Batting: RHB Marlon Hernández
|
0-0: Called Strike 0-1: Called Strike 0-2: Ball 1-2: Ball 2-2: Fly out, F5 (Popup, 25F)
|
Batting: RHB Henry Dawson
|
0-0: Ball 1-0: Called Strike 1-1: Called Strike 1-2: Foul Ball, location: 2F 1-2: Ball 2-2: Foul Ball, location: 2F 2-2: Ball 3-2: Ground out 1-3 (Groundball, P)
|
Batting: RHB Víctor Márquez
|
0-0: Ball 1-0: Called Strike 1-1: Called Strike 1-2: Strikes out looking
|
Top of the 7th over - 0 runs, 0 hits, 0 errors, 0 left on base; Indiana 5 - Tuscaloosa 3 |
BOTTOM OF THE 7TH |
Tuscaloosa Trout Slayers batting - Pitching for Indiana Hounds : RHP Rob Fields
|
Batting: SHB António Ramírez
|
0-0: Ball 1-0: Ball 2-0: Foul Ball, location: 2F 2-1: Fly out, F8 (Flyball, 89M)
|
Batting: RHB Juan Reyes
|
0-0: Called Strike 0-1: Called Strike 0-2: Strikes out swinging
|
Batting: RHB Greg Lee
|
0-0: Ball 1-0: Called Strike 1-1: Foul Ball, location: 2F 1-2: Ground out 6-3 (Groundball, 6)
|
Bottom of the 7th over - 0 runs, 0 hits, 0 errors, 0 left on base; Indiana 5 - Tuscaloosa 3 |
TOP OF THE 8TH |
Indiana Hounds batting - Pitching for Tuscaloosa Trout Slayers : RHP Juan De Jesús
|
Pitching: RHP Víctor Viña
|
|
Batting: RHB Remi Eruzione
|
0-0: Ball 1-0: Foul Ball, location: 2F 1-1: Ball 2-1: Called Strike 2-2: Ground out 6-3 (Groundball, 4MD)
|
Pitching: LHP Kelly Henry
|
|
Batting: LHB Manny Hernández
|
0-0: Ball 1-0: Ball 2-0: Ball 3-0: Called Strike 3-1: Fly out, F8 (Line Drive, 8RM)
|
Pitching: RHP Yodo Nakagawa
|
|
Batting: RHB León Gómez
|
0-0: Called Strike 0-1: Foul Ball, location: 2F 0-2: Ball 1-2: Ball 2-2: Strikes out swinging
|
Top of the 8th over - 0 runs, 0 hits, 0 errors, 0 left on base; Indiana 5 - Tuscaloosa 3 |
BOTTOM OF THE 8TH |
Tuscaloosa Trout Slayers batting - Pitching for Indiana Hounds : RHP Rob Fields
|
Pitching: LHP Ricardo Vargas
|
|
Batting: LHB Manuel Ortega
|
0-0: Called Strike 0-1: Foul Ball, location: 2F 0-2: Ball 1-2: Ball 2-2: Ground out 4-3 (Groundball, 4)
|
Batting: LHB Ethan Shaw
|
0-0: Called Strike 0-1: SINGLE (Groundball, 6MD)
|
Batting: LHB Marcos Villarreal
|
0-0: Foul Ball, location: 2F 0-1: Ball 1-1: Swinging Strike 1-2: Ball 2-2: Ball 3-2: Foul Ball, location: 2F 3-2: Foul Ball, location: 2F 3-2: Fly out, F9 (Flyball, 9S)
|
Batting: SHB Glenn Vadnais
|
0-0: Called Strike 0-1: Ball 1-1: Foul Ball, location: 2F 1-2: 2-RUN HOME RUN (Flyball, 7LD), Distance : 342 ft
|
Pinch Hitting: RHB José Fernández
|
0-0: Ball 1-0: Called Strike 1-1: Ball 2-1: Swinging Strike 2-2: Strikes out swinging
|
Bottom of the 8th over - 2 runs, 2 hits, 0 errors, 0 left on base; Indiana 5 - Tuscaloosa 5 |
TOP OF THE 9TH |
Indiana Hounds batting - Pitching for Tuscaloosa Trout Slayers : RHP Yodo Nakagawa
|
Now in LF: Tony Quinn
|
|
Batting: LHB Marv Gardner
|
0-0: Ball 1-0: Ball 2-0: Called Strike 2-1: Ball 3-1: Base on Balls
|
Pinch Runner at 1st Octávio Zúñiga:
|
|
Batting: RHB Henry Haines
|
0-0: Ball 1-0: Foul Ball, location: 2F 1-1: Ball 2-1: Foul Ball, location: 2F 2-2: Strikes out swinging
|
Batting: LHB Pepe Vázquez
|
0-0: Ball 1-0: Called Strike 1-1: Ball 2-1: SINGLE (Line Drive, 7S) Octávio Zúñiga to second
|
Batting: RHB Marlon Hernández
|
0-0: Ball 1-0: Foul Ball, location: 2F 1-1: Ball 2-1: Foul Ball, location: 2F 2-2: Foul Ball, location: 2F 2-2: Ball 3-2: Strikes out swinging
|
Batting: RHB Henry Dawson
|
0-0: Ball 1-0: Foul Ball, location: 2F 1-1: Foul Ball, location: 2F 1-2: Strikes out swinging
|
Top of the 9th over - 0 runs, 1 hit, 0 errors, 2 left on base; Indiana 5 - Tuscaloosa 5 |
BOTTOM OF THE 9TH |
Tuscaloosa Trout Slayers batting - Pitching for Indiana Hounds : LHP Ricardo Vargas
|
Now at 1B: Octávio Zúñiga
|
|
Batting: RHB Augusto Baca
|
0-0: Ball 1-0: Ball 2-0: Called Strike 2-1: Fly out, F9 (Flyball, 89D)
|
Batting: SHB António Ramírez
|
0-0: Called Strike 0-1: Called Strike 0-2: Ball 1-2: Ball 2-2: Ground out 4-3 (Groundball, 4)
|
Batting: RHB Juan Reyes
|
0-0: Called Strike 0-1: Ball 1-1: Ball 2-1: Ball 3-1: Foul Ball, location: 2F 3-2: Base on Balls
|
Batting: RHB Greg Lee
|
0-0: DOUBLE (Groundball, 5L) Juan Reyes to third Runner from 3rd tries for Home, SAFE, no throw
|
Saturday, April 7th, 2018 - OOTP Baseball 18.8 Build 76
|
|